 Dungeon Crawl Stone Soup version 0.17.1-1-g73c8601 (webtiles) character file.

139 Miyamura the Insei (level 5, -1/42 HPs)
             Began as a Draconian Transmuter on Dec 23, 2015.
             Was an Initiate of Ashenzari.
             Killed by divine providence
             ... invoked by an orc priest
              (8 damage)
             ... on level 3 of the Dungeon.
             The game lasted 00:08:47 (2942 turns).

Miyamura the Insei (Draconian Transmuter)           Turns: 2942, Time: 00:08:47

Health: -1/42      AC:  5    Str:  9 (12) XL:     5   Next: 1%
Magic:  3/8        EV: 13    Int: 19      God:    Ashenzari [......]
Gold:   52         SH:  0    Dex: 12      Spells: 2 memorised, 5 levels left

rFire  . . .     SeeInvis .       - Unarmed
rCold  . . .     Clarity  .     (armour unavailable)
rNeg   . . .     SustAt   .     (no shield)
rPois  +         Gourm    .     (helmet restricted)
rElec  .         Spirit   .     (no cloak)
rCorr  .         Warding  .     (no gloves)
rMut   .         Stasis   .     (no boots)
MR     .....                    (no amulet)
Stlth  +.........               (no ring)
                                l - ring of poison resistance

@: brilliant, very slightly contaminated, not resistant to hostile enchantments,
very unstealthy
A: unfitting armour, cold-blooded, AC +5
a: Renounce Religion


You were on level 3 of the Dungeon.
You worshipped Ashenzari.
Ashenzari was noncommittal.
You were not hungry.

You visited 1 branch of the dungeon, and saw 3 of its levels.

You collected 52 gold pieces.

Inventory:

Missiles
 a - 12 arrows
 e - 122 stones (quivered)
 k - 11 poisoned arrows
Jewellery
 l - a ring of poison resistance (left hand)
Scrolls
 i - a scroll of remove curse
Potions
 g - a potion of cure mutation
Books
 b - a book of Changes

   Spells                             Type                      Level
   a - Beastly Appendage              Transmutation                1
   b - Sticks to Snakes               Transmutation                2
   c - Spider Form                    Transmutation/Poison         3
   d - Ice Form                       Ice/Transmutation            4
   e - Blade Hands                    Transmutation                5
 h - a book of Alchemy

   Spells                             Type                      Level
   a - Sublimation of Blood           Necromancy                   2
   b - Ignite Poison                  Fire/Transmutation/Poison    3
   c - Alistair's Intoxication        Transmutation/Poison         4
   d - Condensation Shield            Ice                          4
   e - Petrify                        Transmutation/Earth          4
   f - Irradiate                      Conjuration/Transmutation    5
Comestibles
 c - 2 bread rations
 d - a slice of pizza
 f - a meat ration
 j - 6 chunks of flesh


   Skills:
 + Level 2.3 Fighting
 + Level 3.0 Dodging
 + Level 3.5 Unarmed Combat
 + Level 2.6 Spellcasting
 + Level 2.9 Transmutations


You had 5 spell levels left.
You knew the following spells:

 Your Spells              Type           Power        Failure   Level  Hunger
a - Beastly Appendage     Trmt           ####..       1%          1    #......
b - Spider Form           Trmt/Pois      ###.......   3%          3    ###....


Dungeon Overview and Level Annotations

Branches:
Dungeon (3/15)

Altars:
Ashenzari
Cheibriados
Makhleb
Qazlal


Innate Abilities, Weirdness & Mutations

Your plain brown scales are hard (AC +5).
Your body does not fit into most forms of armour.
You are cold-blooded and may be slowed by cold attacks.


Message History

Drink which item? (? for menu, Esc to quit)
It was a potion of brilliance.
You feel clever all of a sudden. The orc priest misses you.
Read which item? (? for menu, Esc to quit)
Okay, then.
The orc priest calls down the wrath of Beogh upon you.
You barely resist.
The orc priest miscasts a cantrip.
Read which item? (? for menu, Esc to quit)
Okay, then.
Casting: Spider Form
Confirm with . or Enter, or press ? or * to list all spells.
You don't have enough magic to cast that spell.
Found a viscous dark potion.
The orc priest hits you.
* * * LOW HITPOINT WARNING * * *
The orc priest calls down the wrath of Beogh upon you.
Something smites you!
You die...

#.รท# #.# #..# #..
#..######.# ###
#.........# # ..#
#.....###.# .# #.# ..
#####.###.##.# #!# ..
#........# #.# #.
######.### #.# #.## #.#
#@# #..# #.# #.# #.##..#
#.# #o# #.....# #.#
##o## #.#####.###
#.####...#####..........
#.....)......#######..##
######...###.##.......#
#........o.......#
##.###############


You could see 2 orc priests.

Vanquished Creatures
  An orc wizard (D:3)
  Ijyb (D:2)
  2 adders
  2 worms
  2 giant geckos (D:1)
  2 orcs (D:3)
  10 goblins
  7 hobgoblins
  3 jackals (D:2)
  A quokka (D:3)
  9 bats
  4 giant cockroaches
  2 giant newts (D:2)
  4 kobolds
  5 rats
55 creatures vanquished.

Notes
Turn   | Place    | Note
--------------------------------------------------------------
     0 | D:1      | Miyamura the Draconian Transmuter began the quest for the Orb.
     0 | D:1      | Reached XP level 1. HP: 16/16 MP: 3/3
   460 | D:1      | Reached XP level 2. HP: 15/23 MP: 3/5
  1246 | D:2      | Noticed Ijyb
  1273 | D:2      | Killed Ijyb
  1273 | D:2      | Reached XP level 3. HP: 12/29 MP: 6/6
  1586 | D:2      | Learned a level 3 spell: Spider Form
  1695 | D:2      | Reached XP level 4. HP: 36/36 MP: 7/7
  2564 | D:3      | Found a faded altar to an unknown god.
  2567 | D:3      | Found a shattered altar of Ashenzari.
  2628 | D:3      | Found a burning altar of Makhleb.
  2628 | D:3      | Found a snail-covered altar of Cheibriados.
  2629 | D:3      | Found a stormy altar of Qazlal.
  2675 | D:3      | Became a worshipper of Ashenzari the Shackled
  2901 | D:3      | Reached XP level 5. HP: 42/42 MP: 4/8
  2942 | D:3      | Killed from afar by an orc priest

Action                   |  1- 3 |  4- 6 || total
-------------------------+-------+-------++-------
Melee: Unarmed           |   118 |   117 ||   235
 Cast: Beastly Appendage |     7 |     5 ||    12
       Spider Form       |       |     2 ||     2
  Use: Scroll            |     8 |     1 ||     9
       Potion            |     1 |     3 ||     4
  Eat: Chunk             |     3 |     4 ||     7
